 Dungeon Crawl Stone Soup version 0.21-a0-630-g344d351 (webtiles) character file.

81 shenanigans the Skirmisher (level 4, -6/37 HPs)
             Began as a Barachi Skald on Dec 26, 2017.
             Mangled by an ogre
             ... wielding a +0 giant club
              (20 damage)
             ... on level 2 of the Dungeon.
             The game lasted 00:04:49 (1687 turns).

shenanigans the Skirmisher (Barachi Skald)          Turns: 1687, Time: 00:04:50

Health: -6/37      AC:  3    Str: 12    XL:     4   Next: 40%
Magic:  3/7        EV: 12    Int: 14    God:
Gold:   39         SH:  0    Dex: 12    Spells: 6/7 levels left

rFire    . . .     SeeInvis .   a - +0 hand axe
rCold    . . .     Gourm    .   (no shield)
rNeg     . . .     Faith    .   b - +0 leather armour
rPois    .         Spirit   .   (no helmet)
rElec    .         Reflect  .   (no cloak)
rCorr    .         Harm     .   (no gloves)
MR       .....                  (no boots)
Stlth    +.........             (no amulet)
HPRegen  0.12/turn              (no ring)
MPRegen  0.10/turn              (no ring)

@: can't hop, slow
A: +LOS, swims, slowness 1, strong legs 1
a: Hop


You were on level 2 of the Dungeon.
You were very hungry.

You visited 1 branch of the dungeon, and saw 2 of its levels.

You collected 39 gold pieces.

Inventory:

Hand Weapons
 a - a +0 hand axe (weapon)
Armour
 b - a +0 leather armour (worn)
Scrolls
 f - a scroll of remove curse
 g - 2 scrolls of immolation {unknown}
 h - a scroll of blinking {unknown}
 i - a scroll of fear {unknown}
 k - a scroll of identify {unknown}
Potions
 j - a potion of curing
Books
 c - a book of Battle

   Spells                             Type                      Level
   a - Infusion                       Charms                       1
   b - Shroud of Golubria             Charms/Translocation         2
   c - Song of Slaying                Charms                       2
   d - Spectral Weapon                Hexes/Charms                 3
   e - Regeneration                   Charms/Necromancy            3
Comestibles
 d - 4 rations


   Skills:
 + Level 3.6 Fighting
 + Level 3.3 Axes
 + Level 3.0 Armour
 - Level 2.1 Dodging
 - Level 2.1 Spellcasting
 - Level 3.2 Charms


You had 6 spell levels left.
You knew the following spells:

 Your Spells              Type           Power        Failure   Level  Hunger
a - Infusion              Chrm           ##..         8%          1    #......


Dungeon Overview and Level Annotations

Branches:
Dungeon (2/15)

Altars:


Innate Abilities, Weirdness & Mutations

Shadows flee at your approach. (+LOS)
You can swim through water.
You cover ground slowly.
You can hop short distances.


Message History

The adder is almost dead.
* * * LOW HITPOINT WARNING * * *
You feel sick. The adder bites you but does no damage.
You hit the adder.
You kill the adder!
Your Armour skill increases to level 3!
You hit the ogre.
* * * LOW HITPOINT WARNING * * *
You feel sick. The ogre barely misses you.
Hop to where?
Press: ? - help, Dir - move target cursor Boing!
It was a potion of curing.
You feel better.
As you read the scroll labeled MAXIRAE OWIYM, it crumbles to dust.
You feel aware of your surroundings.
It was a scroll of magic mapping.
As you read the scroll labeled NITUKY ZADDY, it crumbles to dust.
You feel blessed for a moment.
It was a scroll of remove curse.
The ogre hits you with a giant club!!
Ouch! That really hurt!
You die...

##..# #.# *******,* #..# ######.#
*,* #####..###....#(# *******,*
......>.......#.##*,,,,,,,*
.......#####.....#*,*************
.......########..#*,********,,,,,
..............†..#*,,,,,,,**,****
.......#########(#######*,**,****
.......# #@O(§)..##.#*,,,,,
.......# #######....#,,,,**
.......# *****#....#,,,,*
.......* *,,,,.....#,,,,*
******** *,,,.....g..,,,*
*,,.....#.###*,* *,.g....#.#***,*
*****************........,.,**,*
,,,,,,,,,,,,,,,,'.....##.*#.,*,*


You could see an ogre.

Vanquished Creatures
  3 adders (D:2)
  4 dart slugs
  2 leopard geckos
  6 bats
  6 goblins
  7 hobgoblins
  6 kobolds
  A quokka (D:2)
  3 frilled lizards
  6 rats
44 creatures vanquished.

Notes
Turn   | Place    | Note
-------+----------+-------------------------------------------
     0 | D:1      | shenanigans the Barachi Skald began the quest for the Orb.
     0 | D:1      | Reached XP level 1. HP: 17/17 MP: 3/3
   264 | D:1      | Reached XP level 2. HP: 20/23 MP: 5/5
   964 | D:1      | Reached XP level 3. HP: 14/29 MP: 3/6
  1618 | D:2      | Reached XP level 4. HP: 33/35 MP: 7/7
  1652 | D:2      | Noticed an ogre
  1687 | D:2      | Mangled by an ogre

Vault maps used:
D:1:      saegor_arrival_simple_e, serial_bayou_pond_d
D:2:      minmay_box_of_dots

Skill      XL: |  1  2  3  4 |
---------------+-------------+-----
Armour         | 2 3 |  3.0
Fighting       | 3 |  3.6
Axes           | 3 |  3.3
Dodging        | |  2.1
Spellcasting   | |  2.1
Charms         | |  3.2

Action                   |  1- 3 |  4- 6 || total
-------------------------+-------+-------++-------
Melee: Hand axe          |   107 |    23 ||   130
 Cast: Infusion          |     5 |     2 ||     7
 Abil: Hop               |       |     1 ||     1
  Use: Scroll            |       |     2 ||     2
       Potion            |       |     1 ||     1
  Eat: Chunk             |     2 |       ||     2
Armor: Leather armour    |    30 |     7 ||    37
Dodge: Dodged            |    72 |    19 ||    91

Table legend:
 A = Spawn XP
 B = Non-spawn XP
 C = Spawn XP percentage of total XP
 D = Spawn monster count
 E = Non-spawn monster count
 F = Spawn count percentage of total count
 G = Total turns spent on level
                    A         B        C        D         E        F      G
               +---------+---------+-------+---------+---------+-------+---------
         Total |       0 |     116 |   0.0 |       0 |      44 |   0.0 |  1687
               +---------+---------+-------+---------+---------+-------+---------
           D:1 |       0 |      47 |   0.0 |       0 |      25 |   0.0 |  1342
           D:2 |       0 |      69 |   0.0 |       0 |      19 |   0.0 |   345
               +---------+---------+-------+---------+---------+-------+---------
